Map: Triton LE

Players

soO

  • Race: Zerg Zerg
  • Spawn Location: 11:00

ShoWTimE - Winner!

  • Race: Protoss Protoss
  • Spawn Location: 5:00

Event: IEM Katowice 2020

VOD

Have the link to the VOD?

Description

Time

  • Played on: Feb. 27, 2020, 1:53 p.m.
  • Length: 7:57

All games in this series

Show
View Real Time Build Order
Export as new Build Order

soO Zerg 

Build Orders: Hatch First 

Get SALT Encoding   

  12  0:00  Drone  
  13  0:12  Overlord  
  13  0:17  Drone  
  14  0:31  Drone x2  
  16  0:48  Hatchery  
  15  0:51  Drone  
  15  0:55  Drone  
  17  0:58  Drone  
  18  1:09  Extractor  
  17  1:12  Spawning Pool  
  17  1:16  Drone  
  17  1:20  Drone  
  18  1:28  Drone  
  19  1:38  Drone  
  20  1:48  Hatchery  
  20  1:49  Drone  
  20  2:00  Queen  
  22  2:02  Drone  
  22  2:05  Drone  
  24  2:11  Drone  
  24  2:14  Overlord  
  25  2:22  Queen  
  27  2:25  Drone  
  28  2:30  Metabolic Boost  
  28  2:33  Drone  
  28  2:35  Zergling x2  
  28  2:37  Zergling x2  
  31  2:44  Queen  
  31  2:46  Drone  
  31  2:49  Drone  
  35  2:53  Drone  
  36  3:01  Queen  
  36  3:02  Overlord  
  36  3:04  Drone  
  39  3:06  Drone  
  39  3:10  Drone  
  39  3:11  Drone  
  42  3:19  Overlord  
  42  3:20  Queen  
  42  3:24  Drone  
  42  3:25  Drone  
  46  3:27  Overlord  
  46  3:30  Overlord  
  46  3:31  Drone  
  46  3:33  Drone  
  48  3:35  Drone  
  48  3:36  Drone  
  48  3:38  Drone  
  51  3:46  Spore Crawler, Drone  
  51  3:47  Drone x2  
  53  3:49  Spore Crawler  
  53  3:52  Drone  
  53  3:53  Drone x2  
  55  3:57  Drone  
  55  3:59  Drone  
  55  4:00  Evolution Chamber  
  55  4:01  Drone x2  
  58  4:06  Drone  
  59  4:10  Zergling x4  
  59  4:11  Zergling x2  
  59  4:12  Drone  
  59  4:13  Drone  
  65  4:17  Zergling x4, Spore Crawler  
  65  4:18  Overlord  
  65  4:22  Overlord  
  65  4:25  Zerg Melee Weapons Level 1  
  65  4:27  Drone  
  65  4:28  Overlord  
  66  4:32  Overlord  
  65  4:43  Drone x2  
  65  4:44  Queen, Overlord  
  69  4:45  Lair  
  69  4:47  Drone x2  
  69  4:48  Drone  
  69  4:51  Drone  
  73  4:54  Extractor  
  73  4:55  Extractor, Drone, Roach Warren  
  73  4:56  Drone  
  72  5:01  Drone x3  
  72  5:02  Drone  
  75  5:08  Zergling x6  
  75  5:11  Zergling x4, Queen  
  82  5:14  Zergling x2  
  82  5:15  Zergling x4  
  82  5:17  Overlord  
  82  5:20  Zergling x6  
  88  5:36  Roach x3  
  88  5:40  Roach x2  
  88  5:41  Zergling x2  
  93  5:47  Zergling x2, Roach x5  
  99  5:53  Zergling x4, Roach  
  99  5:57  Zergling x4  
  99  5:58  Zergling x2  
  99  6:03  Zergling x6  
  83  6:13  Zergling x4  
  82  6:20  Zergling x2  
  77  6:26  Zergling x2  
  77  6:31  Zergling x8  
  77  6:34  Drone  
  71  6:42  Drone x2  
  71  6:45  Drone  
  74  6:53  Drone x2  
  76  6:56  Drone  
  77  7:03  Zergling x4  
  78  7:11  Zergling x2  
  78  7:14  Roach  
  78  7:15  Zergling x6  
  78  7:20  Zergling x2, Ravager  
  78  7:21  Zergling x10  
  75  7:23  Ravager  
  75  7:26  Zergling x2  
  75  7:29  Ravager  
  70  7:30  Roach  
  70  7:32  Roach  
  73  7:38  Roach  
Show
View Real Time Build Order
Export as new Build Order

ShoWTimE Protoss - Winner!

Build Orders: 1 Gate Expand, Oracle Opening, Phoenix Opening 

Get SALT Encoding   

  12  0:00  Probe  
  13  0:12  Probe  
  14  0:18  Pylon  
  14  0:25  Probe (Chrono Boost)  
  15  0:37  Probe (Chrono Boost)  
  15  0:38  Gateway  
  16  0:45  Probe (Chrono Boost)  
  16  0:46  Assimilator  
  17  0:51  Probe  
  18  1:03  Probe  
  19  1:15  Probe  
  20  1:23  Nexus  
  20  1:27  Probe  
  21  1:37  Cybernetics Core  
  21  1:41  Assimilator  
  21  1:45  Probe  
  22  1:52  Pylon  
  22  1:57  Probe  
  23  2:10  Probe, Adept (Chrono Boost)  
  23  2:15  Stargate  
  26  2:22  Warp Gate, Probe  
  27  2:33  Adept  
  27  2:35  Probe x2 (Chrono Boost)  
  33  2:44  Probe x2 (Chrono Boost)  
  33  2:49  Probe x2 (Chrono Boost)  
  35  2:59  Phoenix (Chrono Boost)  
  35  3:01  Probe x2  
  39  3:13  Probe x2, Pylon  
  39  3:19  Oracle (Chrono Boost)  
  44  3:25  Probe x2  
  46  3:27  Gateway  
  46  3:36  Assimilator  
  46  3:37  Probe  
  46  3:38  Probe, Assimilator  
  48  3:43  Twilight Council  
  48  3:49  Probe  
  48  3:50  Probe  
  50  3:55  Gateway  
  50  3:58  Gateway  
  50  4:01  Gateway  
  50  4:02  Probe  
  51  4:04  Pylon  
  51  4:12  Resonating Glaives (Chrono Boost)  
  51  4:13  Pylon  
  51  4:24  Pylon, Adept x2  
  55  4:43  Robotics Facility  
  55  4:47  Pylon  
  55  4:50  Adept  
  55  4:51  Adept x2  
  61  4:55  Adept x2  
  61  4:58  Probe x2  
  61  4:59  Assimilator  
  67  5:10  Probe  
  67  5:13  Adept x2  
  67  5:14  Adept  
  74  5:17  Pylon, Adept x2  
  78  5:26  Gateway  
  78  5:29  Gateway  
  78  5:32  Gateway  
  78  5:39  Adept x4  
  84  5:48  Adept, Immortal (Chrono Boost)  
  80  6:06  Pylon  
  80  6:11  Sentry x5  
  86  6:18  Immortal (Chrono Boost)  
  78  6:37  Sentry x2  
  72  6:47  Sentry, Warp Prism (Chrono Boost)  
  72  6:48  Adept x2  
  72  6:52  Adept x2  
  84  6:54  Adept  
  84  6:55  Pylon  
  86  7:01  Adept x2  
  86  7:04  Pylon  
  90  7:14  Adept x6  
  98  7:29  Adept x2  
  102  7:35  Adept x5  
  104  7:47  Adept  

Tags
 
Add a new tag
Caveats
  • Supply blocks, unpowered buildings, or Contaminate may cause inaccurate times.
  • Supply counts are checked every 10 seconds.